Cogmind - Beta 14 @@@ ROGUE MODE // 2024.12.09 @ 19:46:01 Player: porter Result: Self-destructed Performance ------------- Evolutions (1) 500 Regions Visited (3) 600 Robots Destroyed (13) 65 Value Destroyed (373) 373 Prototype IDs (1) 20 Alien Tech Used (0) 0 Bonus (0) 0 TOTAL SCORE: 1558 Bonus ------- None Cogmind --------- Core Integrity 104/400 Matter 300/300 Energy 100/100 System Corruption 0% Temperature Cool (0) Movement Core (350) Ox6 Location -9/Mines Parts ------- > --- POWER (1) -------- (None) > --- PROPULSION (4) --- (None) > --- UTILITY (2) ------ Large Storage Unit > --- WEAPON (2) ------- (None) > --- INVENTORY (15) --- Ion Engine Small Storage Unit Visual Processing Unit Peak State ------------ > --- POWER ------------ Light Nuclear Core > --- PROPULSION ------- Aluminum Leg Improved Flight Unit > --- UTILITY ---------- Medium Storage Unit Large Storage Unit > --- WEAPON ----------- Medium Laser Assault Rifle > --- INVENTORY -------- Ion Engine Light Ion Engine Small Storage Unit EM Pulse Gun [Rating: 11] Favorites ----------- Power Light Nuclear Core Engine Light Ion Engine Power Core Light Nuclear Core Propulsion Aluminum Leg Leg Aluminum Leg Flight Unit Improved Flight Unit Utility Large Storage Unit Device Sensor Array Storage Large Storage Unit Weapon Medium Laser Energy Gun Medium Laser Ballistic Gun Assault Rifle Build | -11 -10 -9 -9 ------- Run | Yrd Mat Mat Min Slots Evolved 2 | . . 2 . Power . | . . . . Propulsion 2 | . . 2 . Utility . | . . . . Weapon . | . . . . Parts Attached 23 | 6 11 5 1 Power 5 | 1 3 . 1 Engine 3 | 1 1 . 1 Core 2 | . 2 . . Reactor . | . . . . Propulsion 6 | 2 3 1 . Treads . | . . . . Leg 5 | 2 3 . . Wheel . | . . . . Hover . | . . . . Flight 1 | . . 1 . Utility 4 | 1 2 1 . Device 1 | . . 1 . Storage 3 | 1 2 . . Processor . | . . . . Hackware . | . . . . Protection . | . . . . Artifact . | . . . . Weapon 8 | 2 3 3 . Energy Gun 5 | 1 2 2 . Energy Cannon . | . . . . Ballistic Gun 3 | 1 1 1 . Ballistic Cannon . | . . . . Launcher . | . . . . Special Weapon . | . . . . Impact Weapon . | . . . . Slashing Weapon . | . . . . Piercing Weapon . | . . . . Special Melee Weapon . | . . . . Unidentified Prototypes 1 | . . 1 . Parts Lost 11 | . 4 4 3 Power 3 | . 1 1 1 Propulsion 3 | . 2 . 1 Utility 1 | . . . 1 Weapon 4 | . 1 3 . Highest Loss Streak 3 | . 2 2 3 To Critical Strikes . | . . . . Average Slot Usage (%) 76 | . 91 62 33 Engine 4 | . 7 . 8 Core 7 | . 5 10 . Leg 16 | . 22 11 5 Device 3 | . . 6 8 Storage 21 | . 26 15 11 Energy Gun 15 | . 20 10 . Ballistic Gun 7 | . 7 8 . Peak Build Rating 11 | 6 9 11 4 Average Rating 7 | 4 7 7 2 On Entrance 4 | . 6 7 3 Naked Turns . | . . . . Heaviest Build 39 | 12 39 39 24 Greatest Support 20 | 20 20 10 10 Greatest Overweight (x) 12 | . 10 12 7 Average Overweight (x) 1 | . 1 2 3 Largest Inventory Capacity 15 | 8 15 15 15 Average Capacity 14 | 7 14 15 15 Most Carried 10 | 4 10 6 3 Average Carried 5 | 2 6 4 3 Final Capacity 15 | 8 15 15 15 Final Carried 6 | 4 6 4 3 Class Distribution -------------------- 100% | Mutant Dominant Class ---------------- Mutant | -10/Materials Mutant | -9/Materials Mutant | -9/Mines Resources | -11 -10 -9 -9 ----------- Run | Yrd Mat Mat Min Matter Collected 470 | 198 183 89 . Remotely . | . . . . Salvage Created 421 | . 227 194 . Parts 33 | . 17 16 . Haulers Intercepted . | . . . . Recyclers Shooed . | . . . . Parts Field Recycled . | . . . . Retrieved Matter . | . . . . Parts Self-Destructed . | . . . . Prevented . | . . . . Kills | -11 -10 -9 -9 ------- Run | Yrd Mat Mat Min Combat Hostiles Destroyed 10 | . 7 3 . Guns 10 | . 7 3 . Classes Destroyed 5 | . 3 2 . Builder 1 | . 1 . . Watcher 2 | . . 2 . Swarmer 3 | . 3 . . Grunt 5 | . 4 1 . Sentry 2 | . . 2 . Best Kill Streak 4 | . 4 2 . Combat Bots Only 3 | . 3 1 . Max Kills in Single Turn 2 | . 2 1 . Gunslinging . | . . . . Exploded . | . . . . Melee . | . . . . Uniques/NPCs Destroyed . | . . . . Combat | -11 -10 -9 -9 -------- Run | Yrd Mat Mat Min Hostile Shots Fired 129 | . 72 25 32 Missed 33 | . 15 8 10 Damage Taken 1380 | . 651 401 328 Core 382 | . 86 86 210 Absorbed by Shields . | . . . . Core Remaining (%) 82 | 100 65 . . Volleys Fired 43 | . 31 12 . Largest 2 | . 2 2 . Hottest 100 | . 100 90 . Shots Fired 83 | . 60 23 . Gun 83 | . 60 23 . Cannon . | . . . . Launcher . | . . . . Special . | . . . . Kinetic 26 | . 17 9 . Thermal 54 | . 43 11 . Explosive . | . . . . Electromagnetic 3 | . . 3 . Robot Hit Streak 12 | . 12 5 . Robot Miss Streak 3 | . 3 2 . Penetration Max . | . . . . Secondary Targets . | . . . . Shots Hit Robots 55 | . 40 15 . Core Hits 22 | . 14 8 . Critical Kills . | . . . . Critical Parts Destroyed . | . . . . Critical Strikes 3 | . 1 2 . Burn 3 | . 1 2 . Melee Attacks . | . . . . Impact . | . . . . Slashing . | . . . . Piercing . | . . . . Sneak Attacks . | . . . . Combat Hostiles . | . . . . Follow-up Attacks . | . . . . Damage Inflicted 766 | . 541 225 . Guns 725 | . 541 184 . Cannons . | . . . . Explosions 41 | . . 41 . Melee . | . . . . Ramming . | . . . . Kinetic 199 | . 150 49 . Thermal 535 | . 391 144 . Explosive . | . . . . Electromagnetic 32 | . . 32 . Impact . | . . . . Slashing . | . . . . Piercing . | . . . . Highest Corruption . | . . . . Average Corruption . | . . . . Corruption Purged . | . . . . Corruption Blocked . | . . . . Overload Shots . | . . . . Overflow Damage . | . . . . Projectiles . | . . . . Explosions . | . . . . Melee . | . . . . Knockbacks . | . . . . Impact . | . . . . Kinetic . | . . . . Secondary . | . . . . Self-Inflicted Damage 156 | . . 156 . Shots 2 | . . 2 . Rammed . | . . . . Targets Rammed . | . . . . Kicked . | . . . . Crushed . | . . . . Highest Temperature 258 | . 258 75 . Average Temperature 84 | . 103 22 . Received Heat Transfer 429 | . 288 123 18 Siege Activations . | . . . . Robots Corrupted . | . . . . Combat Hostiles . | . . . . Parts Fried . | . . . . Impact Corruptions . | . . . . Robots Melted . | . . . . Combat Hostiles . | . . . . Parts Melted 7 | . 4 3 . Heat Transferred 1715 | . 1221 494 . Parts Sabotaged . | . . . . Parts Stolen . | . . . . Parts Stripped . | . . . . Power Chain Reactions 1 | . . 1 . Alert | -11 -10 -9 -9 ------- Run | Yrd Mat Mat Min Peak Influence 167 | . 115 167 27 Initial 48 | . . 48 27 Average 49 | . 47 58 16 Maximum Alert Level . | . . . . Low Security (%) 100 | 100 100 100 100 Level 1 . | . . . . Level 2 . | . . . . Level 3 . | . . . . Level 4 . | . . . . Level 5 . | . . . . High Security . | . . . . Max Security . | . . . . Squads Dispatched 1 | . . 1 . Investigation 1 | . . 1 . Extermination . | . . . . Reinforcement . | . . . . Assault . | . . . . Garrison . | . . . . Intercept . | . . . . Searches Triggered . | . . . . Construction Impeded . | . . . . Haulers Reinforced . | . . . . Active Scanning Responses . | . . . . Cargo Convoy Interrupts . | . . . . Stealth | -11 -10 -9 -9 --------- Run | Yrd Mat Mat Min Distress Signals 3 | . . 3 . Communications Jammed . | . . . . Distress Signals . | . . . . Times Spotted 20 | . 7 7 6 Peak Tracking Total 6 | . 3 4 6 Tactical Retreats 2 | . 1 1 . Traps | -11 -10 -9 -9 ------- Run | Yrd Mat Mat Min Traps Triggered 3 | . 2 1 . Indirectly . | . . . . Trap Hack Attempts . | . . . . Triggered . | . . . . Disarmed . | . . . . Reprogrammed . | . . . . Reused . | . . . . Traps Extracted . | . . . . Installed . | . . . . Triggered . | . . . . Machines | -11 -10 -9 -9 ---------- Run | Yrd Mat Mat Min Machines Disabled 2 | . . 2 . Max in Single Turn 1 | . . 1 . Machines Repaired . | . . . . Machines Dismantled . | . . . . Machines Sabotaged . | . . . . Overloaded Fab Kills . | . . . . Hacking | -11 -10 -9 -9 --------- Run | Yrd Mat Mat Min Machines Accessed 4 | . 3 1 . Terminals 3 | . 2 1 . Fabricators . | . . . . Repair Stations . | . . . . Recycling Units 1 | . 1 . . Scanalyzers . | . . . . Garrison Access . | . . . . Total Hacks 6 | . 4 2 . Successful 3 | . 3 . . Failed 3 | . 1 2 . Catastrophic . | . . . . Database Lockouts . | . . . . Manual . | . . . . Terminals 5 | . 3 2 . Fabricators . | . . . . Repair Stations . | . . . . Recycling Units 1 | . 1 . . Scanalyzers . | . . . . Garrison Access . | . . . . Terminal Hacks 2 | . 2 . . Branch Access Points 1 | . 1 . . Zone Layout 1 | . 1 . . Fabricator Hacks . | . . . . Repair Station Hacks . | . . . . Recycling Unit Hacks 1 | . 1 . . Report Inventory 1 | . 1 . . Scanalyzer . | . . . . Garrison Access Hacks . | . . . . Unauthorized Hacks . | . . . . Terminals . | . . . . Fabricators . | . . . . Repair Stations . | . . . . Recycling Units . | . . . . Scanalyzers . | . . . . Garrison Access . | . . . . Data Cores Recovered . | . . . . Used . | . . . . Hacking Detections 2 | . 1 1 . Full Trace Events . | . . . . Feedback Events . | . . . . Feedback Blocked . | . . . . Robot Schematics Acquired . | . . . . Robots Built . | . . . . Authchips . | . . . . Time . | . . . . Total Robot Build Rating . | . . . . Part Schematics Acquired . | . . . . Parts Built . | . . . . Authchips . | . . . . Time . | . . . . Total Part Build Rating . | . . . . Parts Repaired . | . . . . Time . | . . . . Parts Recycled . | . . . . Recycled Matter . | . . . . Retrieved Matter . | . . . . Retrieved Components . | . . . . Parts Scanalyzed . | . . . . Part Schematics Acquired . | . . . . Parts Damaged . | . . . . Bothacking | -11 -10 -9 -9 ------------ Run | Yrd Mat Mat Min Used RIF Installer . | . . . . Robots Hacked . | . . . . Non-combat . | . . . . Combat . | . . . . Robot Hacks Applied . | . . . . Relay Couplers Released . | . . . . Fabnet Peak Effective % . | . . . . Robots Rewired . | . . . . Allies Hacked . | . . . . Hacks Repelled . | . . . . Allies | -11 -10 -9 -9 -------- Run | Yrd Mat Mat Min Total Allies . | . . . . Largest Group . | . . . . Highest-Rated Group . | . . . . Highest-Rated Ally . | . . . . Total Orders . | . . . . Ally Attacks . | . . . . Total Damage . | . . . . Kills . | . . . . Allies Corrupted . | . . . . Allies Melted . | . . . . Intel | -11 -10 -9 -9 ------- Run | Yrd Mat Mat Min Robot Analysis Total . | . . . . Derelict Logs Recovered . | . . . . Drone Launches . | . . . . Drone Recoveries . | . . . . Exploration | -11 -10 -9 -9 ------------- Run | Yrd Mat Mat Min Turns Passed 1431 | 72 704 622 33 Spaces Moved 512 | 52 276 174 10 Core 19 | 7 1 7 4 Treads . | . . . . Legs 493 | 45 275 167 6 Wheels . | . . . . Hover . | . . . . Flight . | . . . . Fastest Speed 50 | 50 120 260 260 Average Speed 232 | 110 210 299 306 Slowest Speed 650 | 120 550 650 400 Overloaded Moves . | . . . . Propulsion Burnouts . | . . . . Robots Hopped . | . . . . Cave-ins Triggered . | . . . . Exploration Rate (%) 19 | 3 44 23 6 Regions Visited 3 Branch Regions 1 Pre-discovered Areas . | . . . . Known Exits Taken . | . . . . Unknown Exits Taken 3 | 1 1 1 . Scrap Searched . | . . . . Spaces Dug . | . . . . Terrain Destroyed 18 | . . 18 . Melee . | . . . . Projectile . | . . . . AOE 18 | . . 18 . Terrain Rammed . | . . . . Walls Destroyed . | . . . . Machines Disabled . | . . . . Actions | -11 -10 -9 -9 --------- Run | Yrd Mat Mat Min Total 671 | 64 341 254 12 Wait 70 | 1 9 59 1 Move 509 | 51 275 173 10 Hop . | . . . . Pick Up 17 | 5 10 2 . Fast Attach 8 | 6 1 1 . Attach 11 | . 7 3 1 Detach 2 | . 2 . . Swap 4 | . 3 1 . Drop 7 | 1 3 3 . Fire 43 | . 31 12 . Melee . | . . . . Ram . | . . . . Kick . | . . . . Crush . | . . . . Escape Stasis . | . . . . Rewire . | . . . . Trap . | . . . . Miscellaneous . | . . . . Route ------- -11/Scrapyard -10/Materials (discovered 2 exits: *Mat / *Min) -9/Materials -9/Mines (discovered 1 exit: [*Mat]) History --------- Turn | Location | Event 17 | -11/Scrapyard | Discovered new exit (range 16) 73 | -11/Scrapyard | Entered Materials 264 | -10/Materials | Discovered new exit (range 5) 291 | -10/Materials | Identified exit to Mines 317 | -10/Materials | Build established: Mutant 777 | -10/Materials | Entered another Materials area 777 | -9/Materials | Evolved 2 slots: Propulsion x2 1345 | -9/Materials | Discovered new exit (range 16) 1399 | -9/Materials | Entered Mines 1402 | -9/Mines | Met a Derelict bent on vengeance 1420 | -9/Mines | Discovered new exit (range 7) 1426 | -9/Mines | Core integrity fell below 50% 1432 | -9/Mines | Self-destructed Last Messages --------------- 01350_ U-05 Engineer lays Concrete. 01353_ U-05 Engineer builds a Wall. 01353_ W-16 Scout sends out distress signal. 01354_ U-05 Engineer lays Concrete. 01362_ K-01 Serf collects debris. 01374_ EM Pulse Gun destroyed. 01377_ Critical hit (Burn: +37). 01378_ R-06 Scavenger collects Lgt. Armor Plating. 01380_ Critical hit (Burn: +37). 01380_ Lgt. Nuclear Core destroyed. 01381_ R-06 Scavenger collects Corrupted Lgt. Treads. 01386_ R-06 Scavenger collects Hvy. Assault Rifle. LOCATION=UNKNOWN GOAL=ESCAPE Something is scanning the area. 01415_ Aluminum Leg destroyed. 01420_ EXIT=FOUND 01420_ Lgt. Ion Engine destroyed. 01422_ Sensor Array destroyed. 01424_ K-01 Serf collects debris. Map ----- +----------------------------------------------------+ | | | | | | | | | | | | | | | | | | | | | ???????????????????????????????????? | | ???????????????????????????????????? | | ?????????????????????###########???? | | ?????????????????????# #???? | | ?????????????????????# #???? | | ?????????????????????# """ #???? | | ?????????????????????# """ #???? | | ?????????????????????# """ #???? | | ?????????????????????# #???? | | ?????????????????????# #???? | | ?????????????????????## #### ###???? | | ??????????????????????# #????#?????? | | ??????????????????????# #??????###?? | | ??????????????????????# #???? #?? | | ??????????????????????# ### s s #?? | | ??????????????????????# l@s #?? | | ??????????????????????# ### < #?? | | ??????????????????????# #???? #?? | | ??????????????????????# #??????###?? | | ?????????????????????? #??????????? | | ??????????????????????###??????????? | | ???????????????????????????????????? | | ???????????????????????????????????? | | ???????????????????????????????????? | | ???????????????????????????????????? | | ???????????????????????????????????? | | ???????????????????????????????????? | | ???????????????????????????????????? | | ???????????????????????????????????? | | ???????????????????????????????????? | | ???????????????????????????????????? | | ???????????????????????????????????? | | ???????????????????????????????????? | | ???????????????????????????????????? | | ???????????????????????????????????? | | ???????????????????????????????????? | | ???????????????????????????????????? | | ???????????????????????????????????? | | ???????????????????????????????????? | | ???????????????????????????????????? | +----------------------------------------------------+ Best States ------------- Heat Dissipation 28 Energy Generation 14 Energy Capacity 160 Matter Stores 300 Matter Capacity 300 Sight Range 16 Robot Scan Range 14 Terrain Scan Density 10 Evasion (%) 55 Item Schematics ----------------- None Robot Schematics ------------------ None Fabricated ------------ Nothing Alien Tech Used ----------------- None Achievements -------------- None Challenges ------------ None Game ------ Seed PotentialReinforcedWings Manual? 0 Play Time 00:12:10 Cumulative 6.2 hours Start 2024.12.09 @ 19:34:04 End 2024.12.09 @ 19:46:01 Sessions 1 Manual Loads 0 Difficulty Rogue Special Mode None Game No. 8 Rogue 2 Adventurer 6 Explorer 0 Win Type - Total 0 Types 0/0/0/0/0/0/0/0/0 Lore% 8 Gallery% 14 Achievement% 16 Wizard Run 0 Options --------- Layout 1 ASCII 0 Keyboard 0 Movement Numpad Keybinds 0 Fullscreen 1 Font 32/SmallcapsGlow Map View 77x35 Zoom Use 0% Tactical HUD 1 Map Filters NONE Filters NONE Steam 1 RUN: cbb90a40-6bf6-4bdb-b11e-8f02eea807c9